 Dungeon Crawl Stone Soup version 0.25.0-9-g26727b657a (webtiles) character file.

Game seed: 8780196801108887438

86 Delamore the Cudgeler (level 4, -1/28 HPs)
             Began as a Gargoyle Fighter on June 17, 2020.
             Killed from afar by Natasha (6 damage)
             ... with a magic dart
             ... on level 2 of the Dungeon.
             The game lasted 00:01:08 (1081 turns).

Delamore the Cudgeler (Gargoyle Fighter)            Turns: 1081, Time: 00:01:08

Health: -1/28      AC: 10    Str: 20    XL:     4   Next: 49%
Magic:  4/4        EV:  9    Int:  9    God:
Gold:   29         SH:  4    Dex:  9    Spells: 3/3 levels left

rFire    . . .     SeeInvis .   a - +0 flail
rCold    . . .     Gourm    .   j - +0 buckler
rNeg     + . .     Faith    .   b - +0 scale mail
rPois    ∞         Spirit   .   (no helmet)
rElec    +         Reflect  .   (no cloak)
rCorr    .         Harm     .   (no gloves)
MR       .....                  (no boots)
Stlth    ..........             (no amulet)
HPRegen  0.09/turn              (no ring)
MPRegen  0.09/turn              (no ring)

@: no status effects
A: negative energy resistance 1, electricity resistance, unbreathing,
petrification resistance, rot immunity, AC +3
a: no special abilities


You were on level 2 of the Dungeon.
You were not hungry.

You visited 1 branch of the dungeon, and saw 2 of its levels.

You collected 29 gold pieces.

Inventory:

Hand Weapons
 a - a +0 flail (weapon)
Armour
 b - a +0 scale mail (worn)
 c - a +0 kite shield
 j - a +0 buckler (worn)
Scrolls
 e - 4 scrolls of identify {unknown}
 g - a scroll of random uselessness {unknown}
 h - a scroll of amnesia {unknown}
 i - 3 scrolls of teleportation {unknown}
 n - a scroll of remove curse {unknown}
Potions
 d - a potion of might
 l - 2 potions of curing {unknown}
 m - a potion of heal wounds {unknown}
Comestibles
 f - 4 rations
 k - 10 chunks of flesh


   Skills:
 - Level 3.2 Fighting
 + Level 4.6 Maces & Flails
 - Level 3.2 Armour
 - Level 3.2 Shields


You had 3 spell levels left.
You didn't know any spells.
Your spell library was empty.

Dungeon Overview and Level Annotations

Branches:
Dungeon (2/15)

Altars:

Annotations:
D:2 Natasha


Innate Abilities, Weirdness & Mutations

You are resistant to torment.
Your stone body is resilient. (AC +3)
You are immune to poison.
You resist negative energy. (rN+)
You are resistant to electric shocks. (rElec)
You can survive without breathing.
You are immune to petrification.
You are immune to rotting.


Message History

You closely miss Natasha. Natasha casts a spell at you.
The magic dart hits you!
You closely miss Natasha. You block Natasha's attack.
You hit Natasha but do no damage. Natasha claws you.
You hit Natasha.
Natasha is moderately wounded.
Natasha casts a spell at you. The magic dart hits you!
* * * LOW HITPOINT WARNING * * *
You barely miss Natasha.
Natasha is moderately wounded.
Natasha claws you.
* * * LOW HITPOINT WARNING * * *
You barely miss Natasha.
Natasha is moderately wounded.
Natasha claws you but does no damage.
Natasha stares at you and mumbles some strange words.
The magic dart hits you.
You die...

#.......# #..<..?.#
#.......# #.......####
#.......##..
#.......##.#
#....h..##.# .# #@##
#.# ..# ##.###.# #.#
#...##.###.#
...<.##........#
........###.##.#
#######.###.##.#######
#...()))........
#.###.##(.###...
#..##.#.........


You could see Natasha.

Vanquished Creatures
  A gnoll (D:1)
  3 adders (D:2)
  An ooze (D:2)
  A dart slug (D:1)
  A leopard gecko (D:2)
  3 orcs (D:2)
  A ball python (D:2)
  5 goblins
  5 hobgoblins
  3 jackals (D:2)
  5 bats
  2 frilled lizards
  7 kobolds
  A rat (D:2)
39 creatures vanquished.

Notes
Turn   | Place    | Note
-------+----------+-------------------------------------------
     0 | D:1      | Delamore the Gargoyle Fighter began the quest for the Orb.
     0 | D:1      | Reached XP level 1. HP: 14/14 MP: 1/1
   149 | D:1      | Reached XP level 2. HP: 19/19 MP: 2/2
   255 | D:1      | Reached skill level 3 in Maces & Flails
   618 | D:1      | Reached XP level 3. HP: 23/23 MP: 3/3
   741 | D:1      | You fall into a shaft and drop 1 floor!
   774 | D:2      | Reached skill level 4 in Maces & Flails
   920 | D:2      | Reached XP level 4. HP: 28/28 MP: 4/4
  1072 | D:2      | Noticed Natasha
  1081 | D:2      | Killed from afar by Natasha

Illustrated notes

Levels and vault maps discovered:
D:1:      dpeg_arrival_pits, layout_basic
D:2:      layout_loops_cross, minivault_27, st_stairs_10, uniq_natasha

Skill      XL: |  1  2  3 |
---------------+----------+-----
Maces & Flails | 3 4 |  4.6
Fighting       | |  3.2
Armour         | |  3.2
Shields        | |  3.2

Action                   |  1- 3 |  4- 6 || total
-------------------------+-------+-------++-------
Melee: Flail             |   114 |    31 ||   145
  Eat: Chunk             |       |     1 ||     1
Armor: Scale mail        |    68 |     9 ||    77
Dodge: Dodged            |    79 |    14 ||    93
Block: Kite shield       |    14 |       ||    14
       Buckler           |    24 |     7 ||    31
